 Dungeon Crawl Stone Soup version 0.22-b1-21-g5cfc1688f2 (webtiles) character file.

343 Jorund the Chopper (level 6, -4/41 HPs)
             Began as a Demonspawn Gladiator on Aug 8, 2018.
             Slain by a cyan very ugly thing (21 damage)
             ... on level 1 of the Abyss.
             The game lasted 00:06:01 (1972 turns).

Jorund the Chopper (Demonspawn Gladiator)           Turns: 1972, Time: 00:06:02

Health: -4/41      AC:  9    Str: 17    XL:     6   Next: 31%
Magic:  6/6        EV:  9    Int:  9    God:
Gold:   129        SH:  0    Dex: 17    Spells: 5/5 levels left

rFire    . . .     SeeInvis .   a - +0 war axe
rCold    . . .     Gourm    .   (no shield)
rNeg     . . .     Faith    .   q - +1 chain mail
rPois    .         Spirit   .   (helmet restricted)
rElec    .         Reflect  .   (no cloak)
rCorr    .         Harm     .   (no gloves)
MR       +....                  (no boots)
Stlth    ..........             (no amulet)
HPRegen  0.13/turn              m - +3 ring of dexterity
MPRegen  0.10/turn              r - ring of protection from magic

@: no status effects
A: horns 2, frail 1, nightstalker 1, sense surroundings 1, wild magic 1, sturdy
frame 1
a: no special abilities


You were on level 1 of the Abyss.
You were hungry.

You visited 1 branch of the dungeon, and saw 3 of its levels.
You visited the Abyss 1 time.

You collected 129 gold pieces.

Inventory:

Hand Weapons
 a - a +0 war axe (weapon)
Missiles
 d - 3 throwing nets (quivered)
Armour
 q - a +1 chain mail (worn)
Jewellery
 m - a +3 ring of dexterity (left hand)
 r - a ring of protection from magic (right hand)
Scrolls
 b - a scroll of identify {unknown}
 h - 2 scrolls of amnesia
 l - 2 scrolls of remove curse
Potions
 g - a potion of lignification
 n - a potion of brilliance {unknown}
 p - a potion of resistance {unknown}
Comestibles
 c - 3 chunks of flesh
 f - 3 rations


   Skills:
 + Level 2.9 Fighting
 * Level 5.9 Axes
 - Level 1.7 Throwing
 + Level 1.5 Armour
 - Level 2.6 Dodging


You had 5 spell levels left.
You didn't know any spells.
Your spell library contained the following spells:

 Spells                   Type           Power        Failure   Level  Hunger
 Mephitic Cloud           Conj/Pois/Air  #.......     100%        3    ####...
 Venom Bolt               Conj/Pois      #.........   100%        5    ######.
 Olgreb's Toxic Radiance  Pois           #.......     100%        4    #####..
 Sting                    Conj/Pois      #...         98%         1    ##.....
 Poisonous Vapours        Pois/Air       #.....       99%         2    ###....


Dungeon Overview and Level Annotations

Branches:
Dungeon (3/15)

Altars:


Innate Abilities, Weirdness & Mutations

You have a pair of horns on your head.
You are slightly more attuned to the shadows.
Your movements are slightly less encumbered by armour. (ER -2)
You are frail. (-10% HP)
You passively map a small area around you.
Your spells are a little harder to cast, but a little more powerful.


Message History

Found a runed trident.
Found 16 arrows.
You see here 16 arrows.
The orange demon stings you but does no damage.
The orange demon hits you but does no damage.
Unknown command.
The orange demon barely misses you.
It was a potion of cancellation.
You feel magically purged. The orange demon stings you from afar!
Found a scroll labeled JUD FUHIWA.
Unknown command.
You see here a scroll labeled JUD FUHIWA.
It was a potion of mutation.
You feel extremely strange.
You feel less in control of your magic.
You feel frail.
You feel a strange attunement to the structure of the dungeons.
The cyan very ugly thing barely misses you.
It was a potion of magic.
Magic courses through your body. The cyan very ugly thing claws you!
The cyan very ugly thing shocks you!!
Ouch! That really hurt!
You die...

#### #.W## #.##X###
####.##..#
#....u.#4#
##...#.#u##
##.#####@#
#.()#..### #.
#ยง.......# #.##..
...##. # #
#.#..#.#..#..#.....
# . # 4. ..##.... .
.#. #. .. #. .... .
_ . #.#.. .. ##....
.. #... #####. # .#
. .


You could see a cyan very ugly thing, an orange demon, a large abomination and a
wraith.

Vanquished Creatures
  Sigmund (D:2)
  A small abomination (Abyss:1)
  Robin (D:2)
  2 adders (D:2)
  A gnoll (D:3)
  An ooze (D:1)
  A dart slug (D:2)
  A leopard gecko (D:2)
  An orc (D:3)
  7 bats
  4 giant cockroaches
  13 goblins
  6 hobgoblins (D:2)
  6 jackals
  6 kobolds
  A quokka (D:2)
  2 frilled lizards
  4 rats
59 creatures vanquished.

Vanquished Creatures (others)
  A plant (D:2)
1 creature vanquished.

Grand Total: 60 creatures vanquished

Notes
Turn   | Place    | Note
-------+----------+-------------------------------------------
     0 | D:1      | Jorund the Demonspawn Gladiator began the quest for the Orb.
     0 | D:1      | Reached XP level 1. HP: 16/16 MP: 1/1
   120 | D:1      | Reached skill level 3 in Axes
   177 | D:1      | Gained mutation: You have a pair of small horns on your head. [demonic ancestry]
   177 | D:1      | Reached XP level 2. HP: 19/22 MP: 2/2
   635 | D:2      | Gained mutation: Your movements are slightly less encumbered by armour. (ER -2) [demonic ancestry]
   635 | D:2      | Reached XP level 3. HP: 22/27 MP: 3/3
   861 | D:2      | Reached skill level 4 in Axes
   975 | D:2      | Noticed Robin
  1032 | D:2      | Killed Robin
  1032 | D:2      | Gained mutation: You are slightly more attuned to the shadows. [demonic ancestry]
  1032 | D:2      | Reached XP level 4. HP: 34/34 MP: 4/4
  1080 | D:2      | Noticed Sigmund
  1090 | D:2      | Killed Sigmund
  1090 | D:2      | Reached skill level 5 in Axes
  1090 | D:2      | Reached skill level 1 in Armour
  1090 | D:2      | Reached XP level 5. HP: 23/39 MP: 5/5
  1825 | D:3      | Gained mutation: You have a pair of horns on your head. [demonic ancestry]
  1825 | D:3      | Reached XP level 6. HP: 46/46 MP: 6/6
  1829 | D:3      | Cast into level 1 of the Abyss (gnoll)
  1865 | Abyss:1  | Noticed a wraith
  1896 | Abyss:1  | Noticed a cyan very ugly thing
  1909 | Abyss:1  | Noticed a large abomination
  1934 | Abyss:1  | Found a corrupted altar of Lugonu.
  1934 | Abyss:1  | Noticed an orange demon
  1971 | Abyss:1  | Gained mutation: Your spells are a little harder to cast, but a little more powerful. [potion of mutation]
  1971 | Abyss:1  | Gained mutation: You are frail. (-10% HP) [potion of mutation]
  1971 | Abyss:1  | Gained mutation: You passively map a small area around you. [potion of mutation]
  1972 | Abyss:1  | Slain by a cyan very ugly thing

Skill      XL: |  1  2  3  4 |
---------------+-------------+-----
Axes           | 3 4 5 |  5.9
Armour         | 1 |  1.5
Fighting       | |  2.9
Throwing       | |  1.7
Dodging        | |  2.6

Action                   |  1- 3 |  4- 6 || total
-------------------------+-------+-------++-------
Melee: War axe           |    90 |    46 ||   136
       Headbutt          |     7 |     9 ||    16
  Use: Potion            |     2 |     3 ||     5
       Scroll            |       |     4 ||     4
  Eat: Chunk             |       |     3 ||     3
Armor: Leather armour    |    29 |     9 ||    38
       Skin              |    22 |       ||    22
       Chain mail        |       |    11 ||    11
Dodge: Dodged            |    74 |    35 ||   109
